 Dungeon Crawl Stone Soup version 0.30-a0-715-gdb4ae3ece1 (webtiles) character file.

Game seed: 10894521337160503984

39961 Darius099 the Protected (level 13, -16/199 HPs)
             Began as a Troll Monk on Jan 25, 2023.
             Demolished by a tyrant leech (21 damage)
             ... on level 3 of the Lair of Beasts.
             The game lasted 00:48:16 (13981 turns).

Darius099 the Protected (Troll Monk)               Turns: 13981, Time: 00:48:17

Health: -16/199    AC: 19    Str: 22    XL:     13   Next: 72%
Magic:  12/12      EV: 19    Int:  6    God:
Gold:   1056       SH:  4    Dex: 16    Spells: 12/12 levels left

rFire   . . .      SeeInvis .    P - +7 staff of the Meek {protect, meekguard}
rCold   . . .      Faith    .    (shield currently unavailable)
rNeg    . . .      Spirit   .    E - +0 acid dragon scales
rPois   .          Reflect  .    g - +2 hat
rElec   .          Harm     .    L - scarf {repulsion}
rCorr   +          Rampage  .    (gloves unavailable)
Will    .....                    (boots unavailable) Stlth
                                 (no amulet)
HPRegen 1.33/turn                x - +5 ring of evasion
MPRegen 0.13/turn                D - +4 ring of protection

@: berserking, lethally poisoned (-16 -> -26), repel missiles, very quick
A: large, unfitting armour, claws 3, regeneration 1, shaggy fur 1, tough skin 1,
iridescent scales 1, large bone plates 1, MP-powered wands
a: no special abilities


You were on level 3 of the Lair of Beasts.
You visited 3 branches of the dungeon, and saw 17 of its levels.
You also visited: Ice Cave.

You collected 1104 gold pieces.
You spent 48 gold pieces at shops.

Inventory:

Hand Weapons
 P - the +7 staff of the Meek (weapon) {protect, meekguard}
   (You found it on level 1 of the Lair of Beasts)
Missiles
 u - 14 large rocks (quivered)
 F - 8 throwing nets
Armour
 a - a +0 robe
 g - a +2 hat (worn)
 s - a +0 cloak
 E - +0 acid dragon scales (worn)
 L - a scarf of repulsion (worn)
 N - a +0 kite shield of cold resistance
Jewellery
 x - a +5 ring of evasion (left claw)
 B - an amulet of magic regeneration
 D - a +4 ring of protection (right claw)
Wands
 r - a wand of flame (13)
 y - a wand of paralysis (23)
 A - a wand of quicksilver (14)
 J - a wand of mindburst (5)
 Q - a wand of polymorph (5)
Scrolls
 c - 3 scrolls of silence
 d - 3 scrolls of enchant armour
 e - 2 scrolls of poison
 f - 4 scrolls of magic mapping
 i - 5 scrolls of vulnerability
 j - 5 scrolls of teleportation
 l - 4 scrolls of enchant weapon
 m - a scroll of fear {unknown}
 t - 2 scrolls of fog
 w - 4 scrolls of immolation
 z - 2 scrolls of brand weapon
 G - 4 scrolls of noise {unknown}
 K - 2 scrolls of blinking {unknown}
 R - a scroll of identify
Potions
 h - 3 potions of mutation
 k - a potion of haste {unknown}
 n - a potion of berserk rage
 o - 5 potions of might
 p - a potion of attraction {unknown}
 v - a potion of magic
 C - 3 potions of lignification
 H - 2 potions of cancellation
 I - a potion of brilliance
 O - 2 potions of resistance {unknown}
 S - a potion of flight {unknown}
Miscellaneous
 M - a tin of tremorstones (2/2)


   Skills:
 - Level 10.1 Fighting
 + Level 6.3 Staves
 - Level 11.0 Armour
 - Level 10.1 Dodging
 - Level 1.2 Stealth
 - Level 2.1 Shields
 - Level 10.0 Unarmed Combat


You had 12 spell levels left.
You didn't know any spells.
Your spell library contained the following spells:

 Spells                   Type           Power      Damage    Failure   Level
 Slow                     Hex            0%         N/A       52%         1
 Ensorcelled Hibernation  Hex/Ice        0%         N/A       65%         2
 Lesser Beckoning         Tloc           0%         N/A       65%         2
 Passwall                 Tmut/Erth      0%         N/A       65%         2
 Confusing Touch          Hex            0%         N/A       87%         3
 Frozen Ramparts          Ice            0%         1d1       87%         3
 Gell's Gravitas          Tloc           0%         N/A       87%         3
 Portal Projectile        Hex/Tloc       0%         N/A       87%         3
 Swiftness                Air            0%         N/A       87%         3
 Teleport Other           Tloc           0%         N/A       87%         3
 Tukima's Dance           Hex            0%         N/A       87%         3
 Vampiric Draining        Necr           0%         2d6       87%         3
 Ice Form                 Ice/Tmut       0%         N/A       99%         4
 Summon Ice Beast         Ice/Summ       0%         N/A       99%         4
 Blade Hands              Tmut           0%         N/A       100%        5
 Summon Mana Viper        Hex/Summ       0%         N/A       100%        5
 Monstrous Menagerie      Summ           0%         N/A       100%        7


Dungeon Overview and Level Annotations

Branches:
Dungeon (13/15)            Temple (1/1) D:4            Lair (3/5) D:9
  Swamp (0/4) Lair:3        Snake (0/4) Lair:2          Orc (0/2) D:11
  IceCv (visited)
 Vaults: D:13-14

Altars:
Ashenzari
Cheibriados
Dithmenos
Elyvilon
Fedhas
Gozag
Hepliaklqana
Kikubaaqudgha
Makhleb
Nemelex Xobeh
Okawaru
Qazlal
Ru
Sif Muna
Trog
Uskayaw
Vehumet
Wu Jian
Xom
Yredelemnul
Zin
The Shining One

Shops:
D:5 ?   D:8 [[   D:13 (


Innate Abilities, Weirdness & Mutations

You are too large for most types of armour.
You have claws for hands.
Your natural rate of healing is unusually fast.
You are covered in fur. (AC +1)
You have tough skin. (AC +1)
You are partially covered in iridescent scales. (AC +2)
You are partially covered in large bone plates. (SH +4)
You expend magic power (3 MP) to strengthen your wands.


Message History

You are engulfed in poison gas.
You are poisoned.
* * * LOW HITPOINT WARNING * * *
You feel very sick. The swamp dragon barely misses you.
The swamp dragon completely misses you. The swamp dragon closely misses you.
The tyrant leech is engulfed in poison gas.
The tyrant leech is poisoned.
You closely miss the swamp dragon.
You are engulfed in poison gas.
You are more poisoned.
* * * LOW HITPOINT WARNING * * *
You feel very sick. The swamp dragon barely misses you.
The swamp dragon misses you. The swamp dragon closely misses you.
The tyrant leech is engulfed in poison gas.
The tyrant leech looks even sicker.
The tyrant leech misses you.
The swamp dragon attacks as you move away!
The swamp dragon misses you. x2; The swamp dragon closely misses you.
You are engulfed in poison gas.
You are lethally poisoned!
* * * LOW HITPOINT WARNING * * *
x2 You feel extremely sick.
The swamp dragon breathes poison at you.
The blast of poison misses you.
Your magical effects are unravelling.
You feel magically purged.
You feel less invigorated.
You feel less confused.
* * * LOW HITPOINT WARNING * * *
You feel extremely sick.
The tyrant leech looks even sicker.
The tyrant leech barely misses you.
It was a potion of berserk rage.
A red film seems to cover your vision as you go berserk!
You feel yourself moving faster!
You feel mighty!
* * * LOW HITPOINT WARNING * * *
You feel very sick. The swamp dragon closely misses you.
The swamp dragon barely misses you. x2
The tyrant leech is engulfed in poison gas.
The tyrant leech looks as sick as possible!
The tyrant leech bites you!!
You die...

### #...........# P.#
##..P..###...# ..#
###...##.#..#.## #.####
#.#...........##### #
..##.###.##.#.#...#....#.####..##
...§§§......#.##.###..°.†..○.....
#..§§§.##...#.#.## #.#..#†#......
#..§.§###...#§##☼###.............
..#§§§# #..☼☼☼○°@Dw..#.°......###
..§§§.# #..○☼○☼§#w#.....###.)##
..§§§§# #..#○○°###≈#.....≈#..#
.....## ######## ##≈≈≈#≈≈≈≈≈≈≈
.....# ≈≈#~.#~≈≈≈≈#≈ .....#
≈≈#≈≈..≈##≈≈≈≈ .##.## #≈ ≈~~.#≈
.#### ≈≈ ~...≈ [## #≈≈≈


You could see a swamp dragon, a tyrant leech (extremely poisoned) and a swamp
worm.

Vanquished Creatures
  4 hydras
  A two-headed ogre (D:11)
  3 death yaks (IceCv)
  A tengu warrior (D:13)
  Nergalle (Lair:3)
  A goliath frog (Lair:3)
  A swamp dragon (Lair:3)
  2 ugly things
  A cyclops (D:13)
  A manticore (D:11)
  An ice statue (IceCv)
  4 elephants (Lair:3)
  A torpor snail (Lair:3)
  2 black mambas (Lair:2)
  4 cane toads
  A kobold demonologist (D:11)
  4 komodo dragons
  2 rime drakes
  A tyrant leech (Lair:3)
  A troll (D:9)
  3 hornets
  7 polar bears (IceCv)
  12 blink frogs
  2 shadows
  4 wyverns
  55 yaks
  4 water elementals (D:10)
  Eustachio (D:4)
  2 basilisks (Lair:2)
  4 steam dragons
  6 vampire mosquitoes (D:10)
  4 swamp worms
  Menkaure (D:7)
  3 nagas (Lair:2)
  12 water moccasins
  2 acid dragons
  A swamp drake (Lair:3)
  7 orc warriors
  2 black bears (D:7)
  4 ice beasts
  A small abomination (D:13)
  A sky beast (D:7)
  24 wolves
  An ogre (D:4)
  5 centaurs
  Blork the orc (D:4)
  A kobold brigand (D:9)
  12 bullfrogs
  4 necrophages
  3 scorpions
  A gnoll sergeant (D:8)
  11 wights
  5 killer bees (D:10)
  8 electric eels
  3 howler monkeys (D:8)
  14 hounds
  8 orc priests
  2 gnoll boudas (D:8)
  2 iguanas
  11 orc wizards
  A hound skeleton (D:5)
  Robin (D:3)
  16 gnolls (D:8)
  8 adders
  A shadow imp (D:5)
  2 worms (D:3)
  2 dart slugs
  66 orcs
  9 bats
  2 endoplasms
  A giant cockroach (D:3)
  8 hobgoblins
  4 jackals (D:8)
  7 kobolds
  2 quokkas
  5 ball pythons
  22 goblins
  7 rats
  A spectral goblin (D:5)
456 creatures vanquished.

Vanquished Creatures (others)
  A water moccasin (Lair:3)
  An orc (D:8)
  8 fungi
  66 plants
76 creatures vanquished.

Grand Total: 532 creatures vanquished

Notes
Turn   | Place    | Note
-------+----------+-------------------------------------------
     0 | D:1      | Darius099 the Troll Monk began the quest for the Orb.
     0 | D:1      | Reached XP level 1. HP: 22/22 MP: 0/0
    58 | D:1      | Found a faded altar of an unknown god.
   230 | D:1      | Reached XP level 2. HP: 29/29 MP: 1/1
  1245 | D:3      | Reached XP level 3. HP: 36/36 MP: 2/2
  1320 | D:3      | Noticed Robin
  1332 | D:3      | Killed Robin
  1333 | D:3      | Reached XP level 4. HP: 26/44 MP: 3/3
  1594 | D:3      | Reached skill level 5 in Unarmed Combat
  1690 | D:3      | Reached XP level 5. HP: 50/50 MP: 4/4
  2427 | D:4      | Noticed Blork the orc
  2446 | D:4      | Killed Blork the orc
  2447 | D:4      | Reached XP level 6. HP: 39/55 MP: 5/5
  2618 | D:4      | Found a staircase to the Ecumenical Temple.
  2645 | Temple   | Entered the Ecumenical Temple
  3017 | D:4      | Noticed a steam dragon
  3021 | D:4      | Killed a steam dragon
  3022 | D:4      | Reached XP level 7. HP: 28/66 MP: 6/6
  3226 | D:4      | Noticed Eustachio
  3240 | D:4      | Killed Eustachio
  3410 | D:5      | Entered Level 5 of the Dungeon
  3630 | D:5      | Found a burning altar of Makhleb.
  3682 | D:5      | Found a hazy altar of Hepliaklqana.
  3746 | D:5      | Reached XP level 8. HP: 74/74 MP: 7/7
  3891 | D:5      | Found Edwonid's Magic Scroll Emporium.
  3895 | D:5      | Bought 2 scrolls of identify for 48 gold pieces
  3900 | D:5      | Gained mutation: You are partially covered in iridescent
                  | scales. (AC +2) [potion of mutation]
  3900 | D:5      | Gained mutation: You are partially covered in large bone
                  | plates. (SH +4) [potion of mutation]
  3900 | D:5      | Gained mutation: You expend magic power (3 MP) to
                  | strengthen your wands. [potion of mutation]
  3976 | D:6      | Reached skill level 10 in Unarmed Combat
  4668 | D:6      | Found an ornate altar of the Wu Jian Council.
  4670 | D:6      | Found a white marble altar of Elyvilon.
  4674 | D:6      | Found a sacrificial altar of Ru.
  4813 | D:7      | Reached XP level 9. HP: 82/85 MP: 8/8
  4825 | D:7      | Reached skill level 5 in Fighting
  4825 | D:7      | Reached skill level 5 in Dodging
  5042 | D:7      | Found a snail-covered altar of Cheibriados.
  5044 | D:7      | Found a white marble altar of Elyvilon.
  5044 | D:7      | Found a basalt altar of Yredelemnul.
  5047 | D:7      | Found a radiant altar of Vehumet.
  5047 | D:7      | Found a shimmering altar of Xom.
  5047 | D:7      | Found a broken altar of Ashenzari.
  5814 | D:7      | Noticed Menkaure
  5823 | D:7      | Killed Menkaure
  5835 | D:7      | Reached XP level 10. HP: 91/100 MP: 9/9
  5845 | D:7      | Found a shimmering blue altar of Sif Muna.
  6560 | D:8      | Found Wuschy's Armour Boutique.
  6681 | D:8      | Found Fuajas's Antique Armour Shop.
  7202 | D:9      | Found a hide-covered altar of Uskayaw.
  7418 | D:9      | Found a staircase to the Lair.
  7580 | D:9      | Reached XP level 11. HP: 111/113 MP: 10/10
  7882 | D:10     | Entered Level 10 of the Dungeon
  8735 | D:11     | Noticed a red ugly thing
  8756 | D:11     | Killed a red ugly thing
  8794 | D:11     | Reached skill level 10 in Dodging
  8807 | D:11     | Reached skill level 10 in Fighting
  8811 | D:11     | Found a staircase to the Orcish Mines.
  8969 | D:11     | Found a frozen archway.
  8985 | D:11     | Found a shadowy altar of Dithmenos.
  8996 | D:11     | Noticed a two-headed ogre
  9004 | D:11     | Killed a two-headed ogre
  9005 | D:11     | Reached skill level 2 in Armour
  9364 | IceCv    | Entered an ice cave
  9373 | IceCv    | Reached skill level 3 in Armour
  9428 | IceCv    | Reached skill level 4 in Armour
  9462 | IceCv    | Noticed a white ugly thing
  9472 | IceCv    | Killed a white ugly thing
  9573 | IceCv    | Reached XP level 12. HP: 126/126 MP: 11/11
  9594 | IceCv    | Reached skill level 5 in Armour
  9719 | IceCv    | Reached skill level 6 in Armour
  9755 | IceCv    | Noticed a death yak
  9786 | IceCv    | Killed a death yak
  9796 | IceCv    | Reached skill level 7 in Armour
  9968 | IceCv    | Noticed a death yak
  9968 | IceCv    | Noticed a death yak
  9968 | IceCv    | Noticed a death yak
  9968 | IceCv    | Noticed an ironbound frostheart
  9968 | IceCv    | Noticed an ironbound frostheart
  9969 | IceCv    | Noticed a death yak
 10025 | IceCv    | Killed a death yak
 10026 | IceCv    | Reached skill level 1 in Shields
 10041 | IceCv    | Killed a death yak
 10495 | D:13     | Found Liceid's Weapon Shoppe.
 10515 | D:13     | Found a runed translucent door.
 10565 | D:13     | Noticed a tengu warrior
 10569 | D:13     | Killed a tengu warrior
 10570 | D:13     | Reached skill level 8 in Armour
 10725 | Lair:1   | Entered Level 1 of the Lair of Beasts
 10927 | Lair:1   | Identified the +1 helmet of Naisif Jall {rElec rPois
                  | Stlth+}
 10951 | Lair:1   | Reached skill level 9 in Armour
 11147 | Lair:1   | Found the +7 staff of the Meek {protect, meekguard}
 11507 | Lair:2   | Found a staircase to the Snake Pit.
 11524 | Lair:2   | Reached skill level 1 in Staves
 11558 | Lair:2   | Reached XP level 13. HP: 25/133 MP: 12/12
 11775 | Lair:2   | Identified the +1 rapier of Ziedeh {freeze, rElec Str-3
                  | Stlth+}
 11914 | Lair:2   | Reached skill level 10 in Armour
 12988 | Lair:3   | Noticed Nergalle
 13005 | Lair:3   | Killed Nergalle
 13475 | Lair:3   | Reached skill level 5 in Staves
 13549 | Lair:3   | Found a staircase to the Swamp.
 13751 | Lair:3   | Reached skill level 11 in Armour
 13980 | Lair:3   | HP: 5/133 [poisoned by a swamp dragon (poison gas)]
 13981 | Lair:3   | Demolished by a tyrant leech

Illustrated notes

Levels and vault maps discovered:
D:1:      pf_arrival_petrified_forest, layout_loops_ring,
          shapermc_ecumenical_altar_starsandcircs
D:2:      layout_rooms, serial_forest, infiniplex_forest_clump_medium,
          infiniplex_forest_end_2, infiniplex_forest_straight_2,
          infiniplex_forest_clump_diagonal, infiniplex_forest_clump_long,
          infiniplex_forest_straight_3, infiniplex_forest_straight_2,
          infiniplex_forest_lined_room_, st_stairs_9, kennysheep_generic_room_7
D:3:      corexii_shack_village, layout_basic, grunt_decor_resistance,
          nicolae_half_adder, uniq_robin
D:4:      layout_basic, minmay_temple_entry_arrows, minmay_small_thing,
          uniq_blork_the_orc, uniq_eustachio
D:5:      layout_basic, nicolae_hepliaklqana_monster_ancestors,
          makhleb_blood_cavern_becter, serial_shops, shop
D:6:      layout_basic, minitemple
D:7:      layout_loops_corners, doesnt_xom_only_xom, kennysheep_orc_sif_temple,
          serial_bayou, serial_bayou_pond_b, serial_bayou_lagoon_b,
          serial_bayou_pond_c, serial_bayou_pond_b, serial_bayou_pond_c,
          serial_bayou_pond_b, uniq_menkaure
D:8:      layout_cave_pools, serial_shops, shop, serial_gnoll_camp,
          gnoll_camp_medium_02, gnoll_camp_mini_hut, gnoll_camp_mini_basic,
          gnoll_camp_mini_doghouse, gnoll_camp_mini_shop, worms_lemuel
D:9:      layout_cave_pods, amcnicky_altar_gilded, erik_lair_island,
          minmay_statues_item, kennysheep_flooded_box
D:10:     layout_basic, nicolae_underground_beach
D:11:     layout_loops_cross, david_orc_5, portal_ice_cave_entry_pillars_1,
          grunt_dithmenos_smoke
D:12:     layout_roguey [special_room_orc]
D:13:     cheibrodos_body_horror, layout_basic, david_vaults_1, serial_shops,
          nicolae_shop_statue_plus, drop_trap, minmay_nine_imps
Temple:   nicolae_temple_superstar
Lair:1:   layout_hall_layers, grunt_megastairs_3, serial_bayou_shore_a,
          lemuel_fruit_tree, serial_bayou_shore_b
Lair:2:   layout_layer_cave, guppyfry_snake_entry_island
Lair:3:   onia_ninara_swampy_vault, layout_loops_ring,
          minmay_swamp_entry_reptiles, uniq_fannar, uniq_nergalle

Skill      XL: |  1  2  3  4  5  6  7  8  9 10 11 12 13 |
---------------+----------------------------------------+-----
Unarmed Combat | 4 5 6 7 9 10 | 10.0
Fighting       | 4 6 8 10 | 10.1
Dodging        | 4 6 8 10 | 10.1
Armour         | 4 9 11 | 11.0
Shields        | 2 |  2.1
Staves         | 1 6 |  6.3
Stealth        | |  1.2

Action                     |  1- 3 |  4- 6 |  7- 9 | 10-12 | 13-15 || total
---------------------------+-------+-------+-------+-------+-------++-------
  Melee: Unarmed           |    84 |   155 |   230 |   874 |    22 ||  1365
         Punch             |     2 |     5 |    15 |    55 |     1 ||    78
         Quarterstaff      |       |       |       |       |   411 ||   411
    Use: Potion            |       |     1 |     1 |     7 |     7 ||    16
         Scroll            |       |     1 |     9 |    12 |     1 ||    23
   Stab: Sleeping          |     4 |     3 |     2 |     1 |     1 ||    11
         Distracted        |       |       |     1 |       |       ||     1
 Armour: Robe              |    27 |    52 |    66 |   158 |       ||   303
         Acid dragon scale |       |       |       |    81 |   263 ||   344
  Dodge: Dodged            |    37 |    63 |   135 |   815 |   542 ||  1592
         Repelled          |       |       |       |     2 |     1 ||     3
  Block: Other             |       |       |    29 |   170 |   122 ||   321
         Kite shield       |       |       |       |    14 |       ||    14

Table legend: (Time is in decaauts)
 A = Elapsed time spent in this place.
 B = Non-inter-level travel time spent in this place.
 C = Inter-level travel time spent in this place.
 D = Time resting spent in this place.
 E = Time spent auto-exploring this place.
 F = Levels seen in this place.
 G = Mean time per level.
                   A        B        C        D        E       F      G
               +--------+--------+--------+--------+--------+-----+--------+
         Total |  13803 |  13334 |    469 |   1249 |   6614 |  18 |  766.8 |
       Dungeon |   9538 |   9112 |    426 |    615 |   5046 |  13 |  733.7 |
        Temple |    119 |    114 |      5 |      0 |    100 |   1 |  119.0 |
          Lair |   3271 |   3233 |     38 |    456 |   1392 |   3 | 1090.3 |
      Ice Cave |    873 |    873 |      0 |    178 |     76 |   1 |  873.0 |
               +--------+--------+--------+--------+--------+-----+--------+

Top non-repeatable levels by time:
  Lair:2: 1403 daAuts
     D:7: 1360 daAuts
     D:3: 1158 daAuts
  Lair:3: 1017 daAuts
     D:9: 902 daAuts
     D:4: 880 daAuts
   IceCv: 873 daAuts
    D:11: 859 daAuts
  Lair:1: 849 daAuts
     D:6: 823 daAuts
    D:10: 806 daAuts
     D:8: 788 daAuts
     D:1: 780 daAuts
     D:5: 534 daAuts
     D:2: 446 daAuts
